 Dungeon Crawl Stone Soup version 0.29.0-4-gdea44cf6ec (webtiles) character file.

Game seed: 17739856989905091419

64 qw the Chopper (level 4, -2/26 HPs)
             Began as a Tengu Warper on Aug 28, 2022.
             Splashed by a jelly's acid (9 damage)
             ... on level 4 of the Dungeon.
             The game lasted 00:00:12 (2113 turns).

qw the Chopper (Tengu Warper)                       Turns: 2113, Time: 00:00:12

Health: -2/26      AC: -8    Str: 14    XL:     4   Next: 12%
Magic:  8/8        EV: 12    Int: 13    God:
Gold:   79         SH:  0    Dex: 13    Spells: 7/7 levels left

rFire   . . .      SeeInvis .   Y - +0 hand axe
rCold   . . .      Faith    .   (no shield)
rNeg    . . .      Spirit   .   b - +0 leather armour
rPois   .          Reflect  .   (helmet restricted)
rElec   .          Harm     .   (no cloak)
rCorr   .          Rampage  .   (no gloves)
Will    .....                   (boots unavailable)
Stlth   +.........              (no amulet)
HPRegen 0.08/turn               (no ring)
MPRegen 0.11/turn               (no ring)

@: corroded
A: beak, talons 3
a: no special abilities


You were on level 4 of the Dungeon.
You visited 1 branch of the dungeon, and saw 3 of its levels.

You collected 79 gold pieces.


Innate Abilities, Weirdness & Mutations

You have a beak for a mouth.
You have claws for feet.


   Skills:
 - Level 2.0 Fighting
 + Level 4.7 Axes
 - Level 1.0 Throwing
 - Level 1.1 Armour
 - Level 2.1 Dodging
 - Level 2.0 Spellcasting
 - Level 2.4 Translocations


You had 7 spell levels left.
You didn't know any spells.
Your spell library contained the following spells:

 Spells                   Type           Power      Damage    Failure   Level
 Blink                    Tloc           14%        N/A       19%         2
 Gell's Gravitas          Tloc           7%         N/A       34%         3
 Lesser Beckoning         Tloc           7%         N/A       34%         3
 Teleport Other           Tloc           7%         N/A       34%         3
 Manifold Assault         Tloc           7%         N/A       97%         5

Inventory:

Hand Weapons
 f - a +0 flail
 Y - a +0 hand axe (weapon)
Armour
 b - a +0 leather armour (worn)
Jewellery
 h - a ring of ice
Scrolls
 a - a scroll of fear {unknown}
 e - 3 scrolls of amnesia {unknown}
 j - a scroll of enchant weapon {unknown}
Potions
 c - a potion of lignification {unknown}
 d - a potion of flight {unknown}
 g - 2 potions of ambrosia {unknown}
 i - a potion of might {unknown}
 k - a potion of magic {unknown}

Dungeon Overview and Level Annotations

Branches:
Dungeon (2/15)

Altars:


Message History

The shaft crumbles and collapses.
Found a scroll of summoning.
Existing waypoints: (1) D:2 (2) D:1 Assign waypoint to what number? (0-9, D - delete waypoint) Waypoint 2 re-assigned from D:1 to D:4.
Enter note:
e - 3 scrolls labelled MOUVUTHR QUSORI
Found a stone staircase leading down.
Found 2 stones.
h - a ring of ice You see here 2 stones.
You see here 2 stones.
j - a scroll labelled XIQOTO ZAD BIO
k - a fizzy amethyst potion
Enter note: An orc comes into view. It is wielding a +0 dagger.
2042 ||| Stepping ~*~*~tactically~*~*~ (stealth).
The orc drinks a potion.
The orc seems to speed up.
You hit the orc but do no damage. The orc hits you with a +0 dagger. x2
You barely miss the orc. You claw the orc!
You kill the orc!
You start resting.
HP restored.
A jelly comes into view.
Things that are here:
a +0 dagger; a scroll labelled PERUKHY PUSE; an orc corpse The jelly quivers.
You hit the jelly. The acid corrodes you!
Your hands burn!
You peck the jelly.
The jelly is moderately wounded.
The jelly hits you. The acid corrodes you!
You are splashed with acid!
You hit the jelly but do no damage.
Your hands burn!
You claw the jelly.
The jelly is heavily wounded.
The jelly completely misses you.
You hit the jelly. The acid corrodes you!
Your hands burn!
You claw the jelly, but do no damage. You peck the jelly, but do no damage.
The jelly is heavily wounded.
The jelly hits you.
You are splashed with acid!
You die...

....# #.##.##.#
###########.##.##.#
#...........#....#
#.######.##.######
..........#...
#.######..#####
#.#.......#
#.#...#.#.####
##@#.#..........
#.J..#.#.#.#####
#......#.#.#.#.#
#....#.#...#.#.#
#....#.#####.#.#
#..#.#?# ..# #..#
#.# ### #. #.# #.


You could see a jelly.

Vanquished Creatures
  A gnoll (D:1)
  A dart slug (D:1)
  An orc (D:4)
  9 ball pythons
  3 endoplasms (D:1)
  A giant cockroach (D:2)
  7 goblins
  7 hobgoblins
  3 kobolds (D:2)
  2 quokkas (D:2)
  6 bats
  3 frilled lizards
  2 rats
46 creatures vanquished.

Notes
Turn   | Place    | Note
-------+----------+-------------------------------------------
     0 | D:1      | qw the Tengu Warper began the quest for the Orb.
     0 | D:1      | Reached XP level 1. HP: 12/12 MP: 4/4
     0 | D:1      | 0 ||| qw: Version: 0.1-a-89-g26bdef1
     0 | D:1      | 0 ||| qw: Game counter: 1992
     0 | D:1      | 0 ||| qw: Always use a shield: true
     0 | D:1      | 0 ||| qw: God list: Okawaru
     0 | D:1      | 0 ||| qw: Allow faded altars: false
     0 | D:1      | 0 ||| qw: Do Orc after D:15 true
     0 | D:1      | 0 ||| qw: Do second Lair branch before Depths: true
     0 | D:1      | 0 ||| qw: Lair rune preference: random
     0 | D:1      | 0 ||| qw: Plans: Normal
     0 | D:1      | 0 ||| PLANNING D:1-11
    45 | D:1      | Found a faded altar of an unknown god.
    58 | D:1      | Reached XP level 2. HP: 16/17 MP: 6/6
    87 | D:1      | Reached skill level 3 in Axes
   137 | D:1      | 137 ||| Stepping ~*~*~tactically~*~*~ (stealth).
   140 | D:1      | 140 ||| Stepping ~*~*~tactically~*~*~ (stealth).
   145 | D:1      | 145 ||| Stepping ~*~*~tactically~*~*~ (stealth).
   149 | D:1      | 149 ||| Stepping ~*~*~tactically~*~*~ (stealth).
   151 | D:1      | 151 ||| Stepping ~*~*~tactically~*~*~ (stealth).
   171 | D:1      | 171 ||| Stepping ~*~*~tactically~*~*~ (stealth).
   181 | D:1      | 181 ||| Stepping ~*~*~tactically~*~*~ (stealth).
   257 | D:1      | 257 ||| Stepping ~*~*~tactically~*~*~ (stealth).
   273 | D:1      | 273 ||| Stepping ~*~*~tactically~*~*~ (stealth).
   297 | D:1      | 297 ||| Stepping ~*~*~tactically~*~*~ (stealth).
   323 | D:1      | 323 ||| Stepping ~*~*~tactically~*~*~ (stealth).
   523 | D:1      | 523 ||| Stepping ~*~*~tactically~*~*~ (stealth).
   828 | D:1      | Reached XP level 3. HP: 19/21 MP: 7/7
   851 | D:1      | 851 ||| DROPPING +0 club.
   867 | D:1      | Reached skill level 4 in Axes
  1188 | D:1      | 1188 ||| READING scroll labelled DESE NYADEUDGHE.
  1189 | D:1      | 1189 ||| READING scroll labelled TAUHIORA ROGE.
  1190 | D:1      | 1190 ||| READING scroll labelled DYR YQUYGGE.
  1191 | D:1      | 1191 ||| DROPPING scroll of blinking.
  1213 | D:2      | 1213 ||| STAIRDANCE
  1265 | D:2      | 1265 ||| STAIRDANCE
  1399 | D:2      | 1399 ||| Stepping ~*~*~tactically~*~*~ (water).
  1430 | D:2      | 1430 ||| DROPPING +0 whip.
  1496 | D:2      | 1496 ||| DROPPING +2 mace of holy wrath.
  1555 | D:2      | 1555 ||| Stepping ~*~*~tactically~*~*~ (stealth).
  1556 | D:2      | 1556 ||| Stepping ~*~*~tactically~*~*~ (stealth).
  1632 | D:2      | Reached XP level 4. HP: 26/26 MP: 8/8
  1848 | D:2      | You fall into a shaft and drop 2 floors!
  2042 | D:4      | 2042 ||| Stepping ~*~*~tactically~*~*~ (stealth).
  2113 | D:4      | Splashed by a jelly's acid

Levels and vault maps discovered:
D:1:      grunt_arrival_crossed_arrows, layout_rooms,
          ebering_ecumenical_altar_mist, st_stairs_14
D:2:      layout_loops_ring, serial_rivers, chequers_serial_rivers_micro_c,
          chequers_serial_rivers_micro_b, chequers_serial_rivers_small_3,
          chequers_serial_rivers_micro_a, chequers_serial_rivers_room_b
D:4:      layout_basic, mainiacjoe_overflow_small_starburst,
          dancing_weapons_uskayaw, minmay_temple_entry_tees,
          roderic_roman_lattice

Skill      XL: |  1  2  3 |
---------------+----------+-----
Axes           | 3 4 |  4.7
Fighting       | |  2.0
Throwing       | |  1.0
Armour         | |  1.1
Dodging        | |  2.1
Spellcasting   | |  2.0
Translocations | |  2.4

Action                   |  1- 3 |  4- 6 || total
-------------------------+-------+-------++-------
Melee: Hand axe          |    80 |    18 ||    98
       Kick              |    14 |     7 ||    21
       Peck              |     9 |     4 ||    13
       Punch             |     1 |       ||     1
Throw: Boomerang         |     7 |       ||     7
  Use: Scroll            |     3 |       ||     3
Armor: Leather armour    |    11 |     1 ||    12
Dodge: Dodged            |    38 |    11 ||    49

Table legend:
 A = Non-vault XP
 B = Vault XP
 C = Vault XP percentage of total XP
 D = Non-vault monster count
 E = Vault monster count
 F = Vault count percentage of total count
                 A         B        C        D         E       F
            +---------+---------+-------+---------+---------+-------
      Total |      89 |       3 |   3.3 |      44 |       2 |   4.3
            +---------+---------+-------+---------+---------+-------
        D:1 |      57 |       3 |   5.0 |      25 |       2 |   7.4
        D:2 |      29 |       0 |   0.0 |      18 |       0 |   0.0
        D:4 |       3 |       0 |   0.0 |       1 |       0 |   0.0
            +---------+---------+-------+---------+---------+-------
